 Dungeon Crawl Stone Soup version 0.24.0-125-gc4c63601f3 (webtiles) character file.

Game seed: 4826393471568994922, levelgen mode: deterministic

471 Peloso the Slasher (level 6, 31/49 HPs)
             Began as a Minotaur Fighter on Mar 20, 2020.
             Was a Follower of Okawaru.
             Got out of the dungeon alive.
             The game lasted 00:06:41 (2499 turns).

Peloso the Slasher (Minotaur Fighter)               Turns: 2499, Time: 00:06:42

Health: 31/49      AC: 16    Str: 21    XL:     6   Next: 83%
Magic:  5/5        EV:  6    Int:  5    God:    Okawaru [*.....]
Gold:   194        SH: 10    Dex: 11    Spells: 5/5 levels left

rFire    . . .     SeeInvis .   a - +0 long sword
rCold    . . .     Gourm    .   c - +0 shield
rNeg     + . .     Faith    .   y - +0 chain mail
rPois    .         Spirit   .   (helmet restricted)
rElec    .         Reflect  .   o - +2 cloak
rCorr    .         Harm     .   v - +0 pair of gloves
MR       .....                  (no boots)
Stlth    ..........             (no amulet)
HPRegen  0.16/turn              k - +4 ring of slaying
MPRegen  0.09/turn              p - ring of positive energy

@: no status effects
A: retaliatory headbutt, horns 2, molten scales 1, frail 1, wild magic 1
a: Heroism, Renounce Religion


You escaped.
You worshipped Okawaru.
Okawaru was aware of your devotion.
You were not hungry.

You visited 1 branch of the dungeon, and saw 5 of its levels.

You collected 194 gold pieces.

Inventory:

Hand Weapons
 a - a +0 long sword (weapon)
Armour
 b - a +0 scale mail
 c - a +0 shield (worn)
 o - a +2 cloak (worn)
 v - a +0 pair of gloves (worn)
 y - a +0 chain mail (worn)
Jewellery
 k - a +4 ring of slaying (left hand)
 p - a ring of positive energy (right hand)
Wands
 j - a wand of paralysis (7)
Scrolls
 e - 5 scrolls of teleportation {unknown}
 g - 2 scrolls of immolation {unknown}
 h - 2 scrolls of fear {unknown}
 i - a scroll of identify {unknown}
 l - a scroll of magic mapping {unknown}
 r - a scroll of enchant armour {unknown}
 t - a scroll of blinking {unknown}
 u - a scroll of random uselessness {unknown}
 w - 4 scrolls of remove curse {unknown}
Potions
 d - 2 potions of might
 n - 2 potions of lignification {unknown}
 s - a potion of berserk rage {unknown}
 x - a potion of cancellation {unknown}
 z - a potion of agility {unknown}
Comestibles
 f - 11 rations
 q - 2 chunks of flesh


   Skills:
 + Level 4.9 Fighting
 + Level 5.6 Long Blades
 + Level 5.5 Armour
 + Level 1.9 Dodging
 + Level 5.1 Shields


You had 5 spell levels left.
You didn't know any spells.
Your spell library contained the following spells:

 Spells                   Type           Power        Failure   Level  Hunger
 Magic Dart               Conj           #...         100%        1    ##.....
 Blink                    Tloc           N/A          100%        2    ###....
 Call Imp                 Summ           #.......     100%        2    ###....
 Slow                     Hex            #.......     100%        2    ###....
 Conjure Flame            Conj/Fire      #.......     100%        3    ####...
 Mephitic Cloud           Conj/Pois/Air  #.......     100%        3    ####...


Dungeon Overview and Level Annotations

Branches:
Dungeon (5/15)
 Temple: D:4-7

Altars:
Ashenzari
Cheibriados
Fedhas
Gozag
Nemelex Xobeh
Okawaru
Sif Muna
Trog
Vehumet

Shops:
D:5 }


Innate Abilities, Weirdness & Mutations

You reflexively headbutt those who attack you in melee.
You have a pair of horns on your head.
You are partially covered in molten scales. (AC +2)
You are frail. (-10% HP)
Your spells are a little harder to cast, but a little more powerful.


Message History

There is a stone staircase leading down here.
Things that are here:
a +0 robe; a +0 dagger
Things that are here:
a +0 leather armour; a cursed +0 flail
There is a stone staircase leading up, spattered with blood here.
You climb upwards.
There is a stone staircase leading down here.
There is a stone staircase leading up here.
You see here a poisoned dart.
You climb upwards.
There is a stone staircase leading down here.
There is a stone staircase leading up here.
You climb upwards.
There is a stone staircase leading down here.
You see here a rat skeleton.
There is an empty arch of ancient stone here.
There is a staircase leading out of the dungeon here.
Are you sure you want to leave the Dungeon?
This will make you lose the game!
You have escaped!

#.....# ##.# #.....# #.. #.....#
##. #.....# #.
#.....############## #.
#.....##...........# ##
########.⌠.8.⌠.8.⌠.## #
##.............###
#@.≈≈≈≈≈≈≈≈≈≈≈.∩..
##.............###
##.⌠.8.⌠.8.⌠.##.. ###########
#...........##.# ..........#
##############.. ..........#
#.......# ##.
..........#########.......######.
.................##............#.
#######..........##............#.


There were no monsters in sight!

Vanquished Creatures
  A bullfrog skeleton (D:4)
  5 orc wizards
  3 orc priests
  A hound (D:4)
  Terence (D:3)
  6 adders
  3 oozes
  2 dart slugs (D:1)
  2 leopard geckos (D:2)
  10 orcs
  A ball python (D:2)
  5 giant cockroaches
  6 goblins
  6 hobgoblins
  11 jackals
  12 bats
  6 frilled lizards
  6 kobolds
  A leopard gecko skeleton (D:4)
  6 rats
94 creatures vanquished.

Notes
Turn   | Place    | Note
-------+----------+-------------------------------------------
     0 | D:1      | Peloso the Minotaur Fighter began the quest for the Orb.
     0 | D:1      | Reached XP level 1. HP: 19/19 MP: 0/0
    68 | D:1      | Reached XP level 2. HP: 20/27 MP: 1/1
   403 | D:1      | Reached XP level 3. HP: 33/33 MP: 2/2
   528 | D:2      | Found a shimmering blue altar of Sif Muna.
   743 | D:2      | Reached XP level 4. HP: 40/40 MP: 3/3
  1376 | D:3      | Found an opulent altar of Gozag.
  1377 | D:3      | Found a snail-covered altar of Cheibriados.
  1377 | D:3      | Found a shattered altar of Ashenzari.
  1377 | D:3      | Found a bloodstained altar of Trog.
  1378 | D:3      | Found a radiant altar of Vehumet.
  1381 | D:3      | Found a blossoming altar of Fedhas.
  1382 | D:3      | Found a sparkling altar of Nemelex Xobeh.
  1425 | D:3      | Noticed Terence
  1435 | D:3      | Killed Terence
  1435 | D:3      | Reached skill level 1 in Dodging
  1435 | D:3      | Reached XP level 5. HP: 47/47 MP: 4/4
  1801 | D:4      | Found an iron altar of Okawaru.
  1824 | D:4      | Reached skill level 5 in Armour
  1869 | D:4      | Became a worshipper of Warmaster Okawaru
  1912 | D:4      | Reached XP level 6. HP: 39/53 MP: 5/5
  1957 | D:4      | Reached skill level 5 in Long Blades
  2348 | D:5      | Entered Level 5 of the Dungeon
  2348 | D:5      | Found Fycoiss's Gadget Shop.
  2360 | D:5      | Reached skill level 5 in Shields
  2365 | D:5      | HP: 2/55 [something (1)]
  2368 | D:5      | Reached * piety under Okawaru
  2386 | D:5      | Gained mutation: You are frail. (-10% HP) [potion of
                  | mutation]
  2386 | D:5      | Gained mutation: You are partially covered in iridescent
                  | scales. (AC +2) [potion of mutation]
  2387 | D:5      | Lost mutation: You are partially covered in iridescent
                  | scales. (AC +2) [potion of mutation]
  2387 | D:5      | Lost mutation: You are frail. (-10% HP) [potion of
                  | mutation]
  2387 | D:5      | Gained mutation: You are frail. (-10% HP) [potion of
                  | mutation]
  2387 | D:5      | Gained mutation: You are partially covered in molten
                  | scales. (AC +2) [potion of mutation]
  2387 | D:5      | Gained mutation: Your spells are a little harder to cast,
                  | but a little more powerful. [potion of mutation]
  2499 | D:$      | Got out of the dungeon alive.

Levels and vault maps discovered:
D:1:      mainiacjoe_arrival_reflecting_pool, layout_basic
D:2:      layout_loops_cross, led_sif_pool, minivault_5, minmay_misc_feat_iff
D:3:      layout_basic, minitemple, first_ration, uniq_terence
D:4:      layout_cave_pools, minmay_misc_feat_plants, okawaru_trees_2
D:5:      layout_rooms, minmay_temple_entry_glass, serial_shops, shop,
          uniq_edmund, uniq_pikel, uniq_duvessa, uniq_eustachio

Skill      XL: |  1  2  3  4  5  6 |
---------------+-------------------+-----
Armour         | 4 5 |  5.5
Fighting       | 4 |  4.9
Long Blades    | 3 4 5 |  5.6
Shields        | 4 5 |  5.1
Dodging        | 1 |  1.9

Action                   |  1- 3 |  4- 6 || total
-------------------------+-------+-------++-------
Melee: Long sword        |    77 |   114 ||   191
       Headbutt          |    15 |    24 ||    39
  Use: Potion            |       |     3 ||     3
  Eat: Chunk             |       |     5 ||     5
Armor: Scale mail        |    49 |    51 ||   100
       Chain mail        |       |    23 ||    23
Dodge: Dodged            |    39 |    36 ||    75
Block: Shield            |    58 |    69 ||   127
       Rpst.: Long sword |     8 |    11 ||    19
